 Dungeon Crawl Stone Soup version 0.29-a0-422-gafbd6decc1 (webtiles) character file.

Game seed: 12303560168546370709

305 happo123 the Ruffian (level 6, -9/57 HPs)
             Began as a Troll Transmuter on May 19, 2022.
             Splashed by a jelly's acid (10 damage)
             ... on level 4 of the Dungeon.
             The game lasted 00:08:54 (2199 turns).

happo123 the Ruffian (Troll Transmuter)             Turns: 2199, Time: 00:08:54

Health: -9/57      AC: -16   Str: 27    XL:     6   Next: 16%
Magic:  7/8        EV: 10    Int: 15    God:
Gold:   197        SH:  0    Dex: 10    Spells: 6/9 levels left

rFire   . . .      SeeInvis .   l - +6 spear of Onutuam {vamp, Contam rC+ Str+8 Int+4}
rCold   + . .      Faith    .   (no shield)
rNeg    . . .      Spirit   .   a - +0 robe
rPois   .          Reflect  .   i - +0 hat {Stlth+}
rElec   .          Harm     .   (no cloak)
rCorr   .          Rampage  .   (gloves unavailable)
Will    .....                   (boots unavailable)
Stlth   ++........              (no amulet)
HPRegen 0.99/turn               (no ring)
MPRegen 0.11/turn               (no ring)

@: corroded, very slightly contaminated
A: large, unfitting armour, claws 3, regeneration 1, shaggy fur 1, tough skin 1
a: no special abilities


You were on level 4 of the Dungeon.
You visited 1 branch of the dungeon, and saw 4 of its levels.

You collected 197 gold pieces.

Inventory:

Hand Weapons
 l - the +6 spear of Onutuam (weapon) {vamp, Contam rC+ Str+8 Int+4}
   (You found it on level 2 of the Dungeon)

   It occasionally heals its wielder for a portion of the damage dealt when it
   wounds a living foe.
   Str:       It affects your strength (+8).
   Int:       It affects your intelligence (+4).
   rC:        It protects you from cold.
   Contam:    It causes magical contamination when unequipped.
Armour
 a - a +0 robe (worn)
 i - a +0 hat of stealth (worn)
Scrolls
 d - 2 scrolls of poison {unknown}
 f - 7 scrolls of identify {unknown}
 g - a scroll of enchant weapon {unknown}
 j - 4 scrolls of silence {unknown}
 k - 2 scrolls of teleportation {unknown}
 o - a scroll of summoning {unknown}
 q - a scroll of immolation {unknown}
 r - a scroll of noise {unknown}
Potions
 b - 4 potions of lignification
 c - 2 potions of heal wounds {unknown}
 e - 4 potions of curing {unknown}
 h - 2 potions of attraction {unknown}
 m - a potion of might {unknown}
 n - a potion of cancellation {unknown}
 p - a potion of flight {unknown}


   Skills:
 + Level 2.1 Fighting
 + Level 1.3 Polearms
 + Level 2.6 Dodging
 + Level 4.0 Unarmed Combat
 + Level 2.1 Spellcasting
 + Level 2.3 Transmutations


You had 6 spell levels left.
You knew the following spells:

 Your Spells              Type           Power      Damage    Failure   Level
a - Beastly Appendage     Tmut           16%        N/A       9%          1
b - Wereblood             Tmut           8%         N/A       13%         2

Your spell library contained the following spells:

 Spells                   Type           Power      Damage    Failure   Level
 Spider Form              Tmut/Pois      5%         N/A       38%         3
 Ice Form                 Ice/Tmut       5%         N/A       80%         4


Dungeon Overview and Level Annotations

Branches:
Dungeon (4/15)
 Temple: D:4-7

Altars:


Innate Abilities, Weirdness & Mutations

You are too large for most types of armour.
You have claws for hands.
Your natural rate of healing is unusually fast.
You are covered in fur. (AC +1)
You have tough skin. (AC +1)


Message History

The jelly hits you. The acid corrodes you!
You are splashed with acid!
You completely miss the jelly.
The jelly is severely wounded.
The jelly hits you. The acid corrodes you!
You are splashed with acid.
You hit the jelly but do no damage.
Your claws burn!
The jelly is severely wounded.
The jelly hits you. The acid corrodes you!
You are splashed with acid!
You hit the jelly.
Your claws burn!
* * * LOW HITPOINT WARNING * * *
The jelly is almost dead.
The jelly misses you.
You barely miss the jelly.
The jelly is almost dead.
The jelly barely misses you.
Casting: Beastly Appendage (safe; 9% risk of failure)
Confirm with . or Enter, or press ? or * to list all spells.
You miscast Beastly Appendage.
You are very lightly contaminated with residual magic.
Nothing appears to happen.
The jelly misses you.
You hit the jelly but do no damage.
Your claws burn!
* * * LOW HITPOINT WARNING * * *
The jelly is almost dead.
The jelly hits you.
* * * LOW HITPOINT WARNING * * *
The acid corrodes you!
You are splashed with acid!
* * * LOW HITPOINT WARNING * * *
You hit the jelly but do no damage.
Your claws burn!
* * * LOW HITPOINT WARNING * * *
The jelly is almost dead.
The jelly barely misses you.
You hit the jelly but do no damage. The acid corrodes you!
Your claws burn!
* * * LOW HITPOINT WARNING * * *
The jelly is almost dead.
The jelly closely misses you.
You barely miss the jelly.
The jelly is almost dead.
The jelly hits you.
* * * LOW HITPOINT WARNING * * *
The acid corrodes you!
You are splashed with acid!
You die...

#>....... #........
###........
#..........
#..........
#..........
#..J...#...
####@.......
####.................
#....................
#.##................
#.##...............
#.##.............#
#.##.............#
#.##.............#
#.###............#


You could see a jelly.

Vanquished Creatures
  A necrophage (D:4)
  An orc priest (D:4)
  Jessica (D:3)
  Natasha (thrice) (D:3)
  3 adders
  A worm (D:2)
  2 dart slugs (D:2)
  4 orcs (D:4)
  4 ball pythons
  6 endoplasms
  4 giant cockroaches
  9 goblins
  6 hobgoblins
  7 jackals (D:1)
  10 kobolds
  3 quokkas
  6 bats
  3 frilled lizards
  7 rats
81 creatures vanquished.

Notes
Turn   | Place    | Note
-------+----------+-------------------------------------------
     0 | D:1      | happo123 the Troll Transmuter began the quest for the Orb.
     0 | D:1      | Reached XP level 1. HP: 18/18 MP: 1/1
    19 | D:1      | Reached skill level 1 in Fighting
    39 | D:1      | Reached XP level 2. HP: 27/27 MP: 3/3
   212 | D:1      | Found a faded altar of an unknown god.
   242 | D:1      | Reached XP level 3. HP: 33/33 MP: 4/4
   760 | D:2      | Learned a level 2 spell: Wereblood
   822 | D:2      | Reached XP level 4. HP: 41/41 MP: 2/5
  1044 | D:2      | Identified the +6 spear of Onutuam {vamp, Contam rC+ Str+8
                  | Int+4}
  1435 | D:3      | You fall into a shaft and drop 1 floor!
  1658 | D:3      | Noticed Natasha
  1664 | D:3      | Killed Natasha
  1718 | D:3      | Noticed Jessica
  1725 | D:3      | Killed Jessica
  1726 | D:3      | Reached XP level 5. HP: 49/49 MP: 6/6
  1820 | D:3      | Noticed Natasha
  1830 | D:3      | Killed Natasha
  1894 | D:3      | Noticed Natasha
  1901 | D:3      | Killed Natasha
  2018 | D:4      | Reached skill level 1 in Polearms
  2064 | D:4      | Reached XP level 6. HP: 48/57 MP: 8/8
  2080 | D:4      | Reached skill level 4 in Unarmed Combat
  2197 | D:4      | HP: 1/57 [acid (3)]
  2199 | D:4      | Splashed by a jelly's acid

Illustrated notes

Levels and vault maps discovered:
D:1:      dpeg_arrival_simpleton_c, layout_loops_cross,
          dilly_ecumenical_altar_fadedgnrine
D:2:      layout_loops_ring, st_stairs_8, minmay_split_cup_large
D:3:      layout_basic, uniq_natasha, uniq_jessica
D:4:      layout_basic

Skill      XL: |  1  2  3  4  5  6 |
---------------+-------------------+-----
Fighting       | 1 2 |  2.1
Dodging        | 2 |  2.6
Transmutations | 2 |  2.3
Spellcasting   | 2 |  2.1
Polearms       | 1 |  1.3
Unarmed Combat | 4 |  4.0

Action                   |  1- 3 |  4- 6 || total
-------------------------+-------+-------++-------
Melee: Unarmed           |    94 |     8 ||   102
       Kick              |     4 |     2 ||     6
       Headbutt          |     2 |     1 ||     3
       Punch             |     1 |     3 ||     4
       Spear             |       |    90 ||    90
 Cast: Beastly Appendage |     3 |     1 ||     4
       Wereblood         |     1 |       ||     1
 Stab: Sleeping          |     1 |     5 ||     6
Armor: Robe              |    32 |    36 ||    68
Dodge: Dodged            |    55 |    40 ||    95

Table legend: (Time is in decaauts)
 A = Elapsed time spent in this place.
 B = Non-inter-level travel time spent in this place.
 C = Inter-level travel time spent in this place.
 D = Time resting spent in this place.
 E = Time spent auto-exploring this place.
 F = Levels seen in this place.
 G = Mean time per level.
                   A        B        C        D        E       F      G
               +--------+--------+--------+--------+--------+-----+--------+
         Total |   2198 |   1889 |    309 |      0 |   1402 |   4 |  549.5 |
       Dungeon |   2198 |   1889 |    309 |      0 |   1402 |   4 |  549.5 |
               +--------+--------+--------+--------+--------+-----+--------+

Top non-repeatable levels by time:
     D:1: 709 daAuts
     D:2: 708 daAuts
     D:3: 504 daAuts
     D:4: 276 daAuts
